 Dungeon Crawl Stone Soup version 0.27-a0-1140-g099f9bb0e8 (webtiles) character file.

Game seed: 12999293535280807681

12 HoaS the Bolt Thrower (level 2, -2/17 HPs)
             Began as a Gargoyle Hunter on May 9, 2021.
             Slain by Terence
             ... wielding a +0 morningstar
              (7 damage)
             ... on level 2 of the Dungeon.
             The game lasted 00:00:59 (238 turns).

HoaS the Bolt Thrower (Gargoyle Hunter)              Turns: 238, Time: 00:01:00

Health: -2/17      AC:  5    Str: 15    XL:     2   Next: 33%
Magic:  2/2        EV: 15    Int: 11    God:
Gold:   26         SH:  0    Dex: 10    Spells: 1/1 levels left

rFire    . . .     SeeInvis .   b - +0 short sword
rCold    . . .     Faith    .   (no shield)
rNeg     + . .     Spirit   .   c - +0 leather armour
rPois    ∞         Reflect  .   (no helmet)
rElec    +         Harm     .   (no cloak)
rCorr    .         Rampage  .   (no gloves)
Will     .....                  (no boots)
Stlth    +.........             (no amulet)
HPRegen  0.05/turn              g - +4 ring of evasion
MPRegen  0.08/turn              (no ring)

@: no status effects
A: sickness immunity, AC +2, negative energy resistance 1, electricity
resistance, torment resistance 1, unbreathing 1, petrification resistance
a: no special abilities


You were on level 2 of the Dungeon.
You visited 1 branch of the dungeon, and saw 2 of its levels.

You collected 26 gold pieces.

Inventory:

Hand Weapons
 a - a +1 hand crossbow
 b - a +0 short sword (weapon)
Missiles
 d - 39 bolts
Armour
 c - a +0 leather armour (worn)
Jewellery
 g - a +4 ring of evasion (left hand)
Scrolls
 e - a scroll of fog {unknown}
Potions
 f - a potion of magic {unknown}


   Skills:
 - Level 2.1 Fighting
 + Level 4.5 Crossbows
 - Level 1.5 Dodging
 - Level 1.1 Stealth


You had one spell level left.
You didn't know any spells.
Your spell library was empty.

Dungeon Overview and Level Annotations

Branches:
Dungeon (1/15)

Altars:

Annotations:
D:2 Terence


Innate Abilities, Weirdness & Mutations

You are immune to sickness and miasma.
Your stone body is resilient. (AC +2)
You are immune to poison.
You resist negative energy. (rN+)
You are resistant to electric shocks. (rElec)
You are resistant to unholy torment.
You can survive without breathing.
You are immune to petrification.


Message History

The bat closely misses you.
Terence shouts!
The bat hits you but does no damage. The bat hits you but does no damage.
The bat closely misses you. x2
You hit the bat.
You kill the bat!
g - a +4 ring of evasion (left hand)
a - a +1 hand crossbow (weapon)
You shoot a bolt. The bolt closely misses the adder.
b - a +0 short sword (weapon)
The adder misses you.
You closely miss the adder. The adder completely misses you.
You hit the adder.
The adder is lightly wounded.
The adder closely misses you. x2
You hit the adder.
The adder is heavily wounded.
The adder bites you.
You hit the adder.
The adder is almost dead.
The adder bites you but does no damage. x2
You barely miss the adder.
The adder is almost dead.
The adder closely misses you.
You closely miss the adder.
The adder is almost dead.
The adder closely misses you. The adder bites you but does no damage.
You closely miss the adder.
The adder is almost dead.
The adder completely misses you.
You hit the adder.
You kill the adder!
You have reached level 2!
You hit Terence but do no damage. Terence hits you with a +0 morningstar!
You hit Terence but do no damage. Terence misses you.
Terence closely misses you.
You barely miss Terence. Terence hits you with a +0 morningstar.
You closely miss Terence. Terence hits you with a +0 morningstar!
You die...

#........#
.#........#
........@.#
#........#
#........# ≈
#........# ≈..
#........####..≈..
+.......w@@.....≈≈
#........###......
#!.......# .....
#w.(.....# ...≈
..........### ..≈
..........# ..
..........# .
..........#
..........#


You could see Terence and a worm.

Vanquished Creatures
  An adder (D:2)
  A goblin (D:1)
  A quokka (D:1)
  A bat (D:2)
4 creatures vanquished.

Notes
Turn   | Place    | Note
-------+----------+-------------------------------------------
     0 | D:1      | HoaS the Gargoyle Hunter began the quest for the Orb.
     0 | D:1      | Reached XP level 1. HP: 12/12 MP: 1/1
   215 | D:1      | You fall into a shaft and drop 1 floor!
   218 | D:2      | Noticed Terence
   235 | D:2      | Reached XP level 2. HP: 16/17 MP: 2/2
   238 | D:2      | Slain by Terence

Illustrated notes

Levels and vault maps discovered:
D:1:      matt_arrival_grand_opening, layout_loops_ring
D:2:      cheibrodos_helix_gallery, layout_basic, uniq_terence, uniq_robin

Action                   || total
-------------------------++-------
Melee: Short sword       ||    23
 Fire: Hand crossbow     ||     1
Armor: Leather armour    ||     9
Dodge: Dodged            ||    17

Table legend: (Time is in decaauts)
 A = Elapsed time spent in this place.
 B = Non-inter-level travel time spent in this place.
 C = Inter-level travel time spent in this place.
 D = Time resting spent in this place.
 E = Time spent auto-exploring this place.
 F = Levels seen in this place.
 G = Mean time per level.
                   A        B        C        D        E       F      G
               +--------+--------+--------+--------+--------+-----+--------+
         Total |    238 |    238 |      0 |    136 |     59 |   2 |  119.0 |
       Dungeon |    238 |    238 |      0 |    136 |     59 |   2 |  119.0 |
               +--------+--------+--------+--------+--------+-----+--------+

Top non-repeatable levels by time:
     D:1: 215 daAuts
     D:2: 22 daAuts
